 Dungeon Crawl Stone Soup version 0.23.2-40-g277498a (webtiles) character file.

Game seed: 16277332989235119642

71 ClockworkOrrery the Skirmisher (level 4, -5/29 HPs)
             Began as a Gargoyle Wizard on Oct 11, 2019.
             Slain by Sigmund
             ... wielding a +0 scythe
              (13 damage)
             ... on level 2 of the Dungeon.
             The game lasted 00:04:57 (1903 turns).

ClockworkOrrery the Skirmisher (Gargoyle Wizard)    Turns: 1903, Time: 00:04:58

Health: -5/29      AC:  0    Str: 11    XL:     4   Next: 24%
Magic:  8/8        EV: 19    Int: 19    God:
Gold:   61         SH:  0    Dex: 13    Spells: 8/9 levels left

rFire    . . .     SeeInvis .   (weapon currently unavailable)
rCold    . . .     Gourm    .   (shield currently unavailable)
rNeg     + . .     Faith    +   (armour currently unavailable)
rPois    ∞         Spirit   .   (helmet currently unavailable)
rElec    .         Reflect  .   (cloak currently unavailable)
rCorr    .         Harm     .   (gloves currently unavailable)
MR       .....                  (boots currently unavailable)
Stlth    ++........             c - amulet of faith
HPRegen  0.09/turn              (ring currently unavailable)
MPRegen  0.11/turn              (ring currently unavailable)

@: bat-form, flying, very quick
A: tiny, negative energy resistance 1, petrification resistance, rot immunity,
AC +3
a: no special abilities


You were on level 2 of the Dungeon.
You were not hungry.
You were in bat-form.
You visited 1 branch of the dungeon, and saw 2 of its levels.

You collected 61 gold pieces.

Inventory:

Hand Weapons
 b - a +0 mace (melded)
Missiles
 e - 28 stones (quivered)
Armour
 a - a +0 robe (melded)
 h - a +1 helmet (melded)
Jewellery
 c - an amulet of faith (around neck)
 k - a +1 ring of evasion (melded)
Scrolls
 j - a scroll of enchant armour {unknown}
 l - a scroll of magic mapping {unknown}
Potions
 f - 2 potions of curing {unknown}


   Skills:
 * Level 3.7 Fighting
 - Level 0.9 Armour
 - Level 1.8 Dodging
 - Level 2.1 Stealth
 - Level 3.0 Spellcasting
 - Level 1.1 Conjurations
   Level 0.8 Summonings
   Level 0.8 Translocations


You had 8 spell levels left.
You knew the following spells:

 Your Spells              Type           Power        Failure   Level  Hunger
a - Magic Dart            Conj           #...         10%         1    None

Your spell library contained the following spells:

 Spells                   Type           Power        Failure   Level  Hunger
 Blink                    Tloc           N/A          16%         2    ##.....
 Call Imp                 Summ           #.......     16%         2    ##.....
 Slow                     Hex            #.......     22%         2    ##.....
 Conjure Flame            Conj/Fire      #.......     36%         3    ###....
 Mephitic Cloud           Conj/Pois/Air  #.......     36%         3    ###....


Dungeon Overview and Level Annotations

Branches:
Dungeon (2/15)

Altars:
Xom

Annotations:
D:2 Sigmund


Innate Abilities, Weirdness & Mutations

You are resistant to torment.
((Your stone body is resilient. (AC +3)))
You are immune to poison.
You resist negative energy. (rN+)
((You are resistant to electric shocks. (rElec)))
((You can survive without breathing.))
You are immune to petrification.
You are immune to rotting.


Message History

Deactivating autopickup; reactivate with Ctrl-A.
You miss something.
You hear some strange, mumbled words.
You are confused.
You bump into the rock wall.
Something misses you.
You bump into the rock wall.
Something closely misses you.
You hit something but do no damage. You miss something.
Something closely misses you.
You bump into the rock wall.
Something closely misses you.
You bump into the rock wall.
You miss something.
You feel less confused. Something barely misses you.
You miss something. You hit something but do no damage. Something hits you.
* * * LOW HITPOINT WARNING * * *
You hit something but do no damage. Something barely misses you.
You hit something but do no damage. You hit something but do no damage.
Something hits you!
You die...

#...#.....#....#
#......
###.###.###....#
#......
#...#.#....###
#......
#..###....#
#......
##......####
#......
#..######
....... ##.##
.......#####..#
.........{b..##
#####....#####
#....# #....#
#....# #....#
#.#### #. #.


There were no monsters in sight!

Vanquished Creatures
  A centaur skeleton (D:2)
  An adder (D:2)
  3 dart slugs
  2 giant cockroaches
  4 goblins
  4 hobgoblins (D:1)
  4 kobolds
  3 bats
  A frilled lizard (D:1)
  2 rats
25 creatures vanquished.

Notes
Turn   | Place    | Note
-------+----------+-------------------------------------------
     0 | D:1      | ClockworkOrrery the Gargoyle Wizard began the quest for the
                  | Orb.
     0 | D:1      | Reached XP level 1. HP: 10/10 MP: 4/4
   176 | D:1      | Reached skill level 1 in Fighting
   176 | D:1      | Reached XP level 2. HP: 16/16 MP: 6/6
  1239 | D:2      | Reached XP level 3. HP: 17/21 MP: 7/7
  1675 | D:2      | Found a shimmering altar of Xom.
  1675 | D:2      | Found a shimmering altar of Xom.
  1675 | D:2      | Found a shimmering altar of Xom.
  1675 | D:2      | Found a shimmering altar of Xom.
  1675 | D:2      | Found a shimmering altar of Xom.
  1676 | D:2      | Found a shimmering altar of Xom.
  1676 | D:2      | Found a shimmering altar of Xom.
  1676 | D:2      | Found a shimmering altar of Xom.
  1693 | D:2      | Reached XP level 4. HP: 23/28 MP: 8/8
  1850 | D:2      | Noticed Sigmund
  1903 | D:2      | Slain by Sigmund

Skill      XL: |  1  2  3 |
---------------+----------+-----
Fighting       | 1 2 3 |  3.7
Armour         | |  0.9
Dodging        | |  1.8
Stealth        | |  2.1
Spellcasting   | |  3.0
Conjurations   | |  1.1
Summonings     | |  0.8
Translocations | |  0.8

Action                   |  1- 3 |  4- 6 || total
-------------------------+-------+-------++-------
Melee: Unarmed           |     6 |    17 ||    23
       Club              |     3 |       ||     3
       Short sword       |    25 |       ||    25
       Mace              |    34 |    15 ||    49
 Cast: Magic Dart        |    21 |     1 ||    22
  Use: Scroll            |       |     3 ||     3
 Stab: Sleeping          |     1 |     1 ||     2
  Eat: Chunk             |     2 |       ||     2
       Ration            |       |     1 ||     1
Armor: Robe              |    25 |     5 ||    30
       Skin              |       |     7 ||     7
Dodge: Dodged            |    48 |    17 ||    65
